 Dungeon Crawl Stone Soup version 0.31-a0-986-g5e6e4ef867 (webtiles) character file.

Game seed: 15105209540026703509

109 Pooter the Chopper (level 4, -3/41 HPs)
             Began as a Minotaur Fighter on Nov 17, 2023.
             Splashed by a jelly's acid (9 damage)
             ... on level 2 of the Dungeon.
             The game lasted 00:05:12 (1351 turns).

Pooter the Chopper (Minotaur Fighter)               Turns: 1351, Time: 00:05:13

Health: -3/41      AC: -5    Str: 23    XL:     4   Next: 59%
Magic:  3/3        EV:  9    Int:  5    God:
Gold:   161        SH:  4    Dex:  9    Spells: 3/3 levels left

rFire   . . .        a - +0 war axe
rCold   . . .        c - +0 buckler
rNeg    . . .        b - +0 scale mail
rPois   .            (helmet restricted)
rElec   .            (no cloak)
rCorr   .            (no gloves)
SInv    .            (no boots)
Will    .....        (no amulet) Stlth
                     (no ring)
HPRegen 0.26/turn    (no ring)
MPRegen 0.08/turn

%: no passive effects
@: mighty, corroded
A: horns 2, retaliatory headbutt
a: no special abilities


You were on level 2 of the Dungeon.
You visited 1 branch of the dungeon, and saw 2 of its levels.

You collected 161 gold pieces.

Inventory:

Hand Weapons
 a - a +0 war axe (weapon)
 r - a +2 trident of distortion {!w}
   (You found it on level 2 of the Dungeon)
Missiles
 h - 5 atropa-tipped darts
 Q - 19 stones (quivered)
Armour
 b - a +0 scale mail (worn)
 c - a +0 buckler (worn)
Scrolls
 e - 2 scrolls of fear {unknown}
 g - a scroll of silence
 i - a scroll of teleportation {unknown}
 m - a scroll of immolation {!r}
 n - a scroll of torment {unknown}
 o - a scroll of brand weapon {unknown}
 q - 2 scrolls of amnesia {unknown}
Potions
 f - a potion of curing {unknown}
 j - a potion of degeneration {unknown}
 k - a potion of mutation {unknown}
 l - 2 potions of invisibility {unknown}
 p - a potion of haste {unknown}


   Skills:
 + Level 4.8 Fighting
 * Level 5.0 Axes
 - Level 3.6 Armour
 - Level 3.6 Shields


You had 3 spell levels left.
You didn't know any spells.
Your spell library contained the following spells:

 Spells                   Type           Power      Damage    Failure   Level
 Foxfire                  Conj/Fire      0%         2x1d4     85%         1
 Plasma Beam              Fire/Air       0%         2x1d10    100%        6
 Starburst                Conj/Fire      0%         6d3       100%        6


Dungeon Overview and Level Annotations

Branches:
Dungeon (2/15) Zot: 10606

Altars:
Hepliaklqana
Okawaru
Ru
Trog
Yredelemnul
Zin


Innate Abilities, Weirdness & Mutations

You have a pair of horns on your head.
You reflexively headbutt those who attack you in melee.


Message History

The endoplasm hits you but does no damage.
The jelly hits you but does no damage.
You hit the jelly. The acid corrodes you!
Your hands burn!
You hit the fungus.
The fungus begins to die.
You barely miss the endoplasm.
The endoplasm hits the fungus.
The fungus begins to die.
You block the endoplasm's attack.
The endoplasm hits the toadstool but does no damage.
The jelly hits you.
You are splashed with acid!
You hit the jelly.
Your hands burn!
You hit the fungus but do no damage. You hit the endoplasm.
The endoplasm hits the fungus.
The endoplasm hits you.
The endoplasm hits the toadstool.
You block the jelly's attack.
You are too injured to fight recklessly!
You are too injured to fight recklessly!
You are too injured to fight recklessly!
You are too injured to fight recklessly!
You hit the jelly.
Your hands burn!
You slash the fungus! You hit the endoplasm.
The endoplasm hits the fungus.
The endoplasm barely misses you. You furiously retaliate!
You headbutt the endoplasm, but do no damage.
The jelly hits you. The acid corrodes you!
You are splashed with acid!
* * * LOW HITPOINT WARNING * * *
You barely miss the jelly. You slash the endoplasm!
You kill the endoplasm!
You hit the fungus.
A nearby fungus withers and dies.
The endoplasm jiggles.
The jelly closely misses you. You furiously retaliate!
You headbutt the jelly!
You kill the jelly!
The endoplasm hits the fungus.
The jelly hits the toadstool.
The toadstool is splashed with acid.
The toadstool is destroyed!
The endoplasm freezes you.
You are frozen.
* * * LOW HITPOINT WARNING * * *
Your Axes skill increases to level 5!
You feel very mighty all of a sudden.
A nearby fungus withers and dies.
The endoplasm hits you.
* * * LOW HITPOINT WARNING * * *
The jelly completely misses you. You furiously retaliate!
You headbutt the jelly! You slash the endoplasm!
You kill the endoplasm!
You hit the endoplasm but do no damage. Your headbutt misses the endoplasm.
The endoplasm hits you.
* * * LOW HITPOINT WARNING * * *
You slash the endoplasm!
You kill the endoplasm!
You barely miss the jelly. You headbutt the jelly. The jelly hits you.
* * * LOW HITPOINT WARNING * * *
The acid corrodes you!
You are splashed with acid!
You die...

#..# #.# ############# #.# ...#
#.# [....P...# #.# ..## #.#
÷P._._.P.# #.## #..####.#
..÷_._.P.# #... #.....#.#
..._._÷.÷# #.## #.###.###
...÷.J...# #.## #.# #...#
.P...J.JJ# #... #># #####
#######J# #... #.# ##)....@##
##... #.## #.######## ###....
#..# ##..'....# #...... ##.#
####....# ###....#. #.#
#.......#######........ #.#
#.......##.##).>##....# #.##
#.......##...)..##.#.## #..#
#.......##.............
##.########..)))###..######.####


You could see 2 jellies and an endoplasm.

Vanquished Creatures
  A jelly (D:2)
  A gnoll (D:1)
  2 dart slugs (D:1)
  14 endoplasms
  4 hobgoblins
  2 jackals (D:1)
  4 quokkas
  5 ball pythons
  7 bats (D:1)
  A frilled lizard (D:1)
  5 goblins (D:2)
  9 kobolds
  6 rats
61 creatures vanquished.

Notes
Turn   | Place    | Note
-------+----------+-------------------------------------------
     0 | D:1      | Pooter the Minotaur Fighter began the quest for the Orb.
     0 | D:1      | Reached XP level 1. HP: 19/19 MP: 0/0
    45 | D:1      | Reached skill level 3 in Axes
    45 | D:1      | Reached XP level 2. HP: 27/27 MP: 1/1
   315 | D:1      | Reached XP level 3. HP: 33/33 MP: 2/2
   394 | D:1      | Reached skill level 4 in Axes
  1212 | D:2      | Reached XP level 4. HP: 41/41 MP: 3/3
  1340 | D:2      | Found a bloodstained altar of Trog.
  1340 | D:2      | Found a hazy altar of Hepliaklqana.
  1340 | D:2      | Found an iron altar of Okawaru.
  1340 | D:2      | Found a sacrificial altar of Ru.
  1340 | D:2      | Found a glowing silver altar of Zin.
  1340 | D:2      | Found a basalt altar of Yredelemnul.
  1346 | D:2      | Reached skill level 5 in Axes
  1351 | D:2      | Splashed by a jelly's acid

Illustrated notes

Levels and vault maps discovered:
D:1:      lordsloth_arrival_two_stooges, layout_loops_ring, minmay_bisected
D:2:      cheibrodos_fertilizer, layout_rooms

Skill      XL: |  1  2  3  4 |
---------------+-------------+-----
Axes           | 3 4 5 |  5.0
Fighting       | 4 |  4.8
Armour         | |  3.6
Shields        | |  3.6

Action                     |  1- 3 |  4- 6 || total
---------------------------+-------+-------++-------
  Melee: War axe           |   105 |    18 ||   123
         Headbutt          |     7 |     3 ||    10
    Use: Scroll            |     2 |       ||     2
         Potion            |       |     1 ||     1
 Armour: Scale mail        |    70 |    12 ||    82
  Dodge: Dodged            |    35 |     6 ||    41
  Block: Buckler           |    22 |     4 ||    26

Table legend: (Time is in decaauts)
 A = Elapsed time spent in this place.
 B = Non-inter-level travel time spent in this place.
 C = Inter-level travel time spent in this place.
 D = Time resting spent in this place.
 E = Time spent auto-exploring this place.
 F = Levels seen in this place.
 G = Mean time per level.
                   A        B        C        D        E       F      G
               +--------+--------+--------+--------+--------+-----+--------+
         Total |   1392 |   1360 |     32 |      0 |   1015 |   2 |  696.0 |
       Dungeon |   1392 |   1360 |     32 |      0 |   1015 |   2 |  696.0 |
               +--------+--------+--------+--------+--------+-----+--------+

Top non-repeatable levels by time:
     D:1: 756 daAuts
     D:2: 635 daAuts
